AoeStats
← joaquinlopezlopez90

Coastal Forest

510435930Analyzed
3v3 RM · 17h ago on Oct 1, 2026· 127m 41s· 6 players
Game mode
Random Map
Map size
Normal (6 player)
Population
200
Speed
Normal
Resources
Standard
Victory
Conquest
Starting age
Dark Age
Ending age
Imperial Age
RankedLock teamsTeams togetherTeam positionsShared explorationLock speedFull tech treeHidden civsTurbo modeCheats
Victory
Defeat
🇺🇸 Ethiopians · United States
898
+16
🇨🇱 Britons · Chile
882
+17
🇺🇸 Spanish · United States
872
+16
🇦🇷 Dravidians · Argentina
913
-17
🇦🇷 Bulgarians · Argentina
906
-17
🇦🇷 Persians · Argentina
866
-15
Havoc AD
1:19 Loom
11:24 Feudal Age
14:57 Wheelbarrow
15:31 Town Watch
19:28 Fishing Lines
24:22 Double-Bit Axe
27:10 Castle Age
25:12 Gold Mining
25:13 Stone Mining
28:40 Stone Shaft Mining
28:20 Bow Saw
27:52 Horse Collar
28:06 Fletching
29:39 Heavy Plow
37:05 Imperial Age
36:11 Town Patrol
36:30 Hand Cart
37:36 Elite Conquistador
38:37 Conscription
39:13 Padded Archer Armor
39:54 Caravan
42:55 Bodkin Arrow
43:16 Leather Archer Armor
43:11 Forging
43:02 Scale Mail Armor
43:07 Scale Barding Armor
57:11 Supremacy
60:32 Bracer
61:02 Ring Archer Armor
61:08 Iron Casting
60:54 Chain Barding Armor
60:49 Chain Mail Armor
62:34 Ballistics
63:38 Chemistry
73:42 Two-Man Saw
94:46 Fortified Wall
94:28 Guard Tower
95:00 Bombard Tower
95:48 Blast Furnace
95:19 Plate Mail Armor
95:24 Plate Barding Armor
116:53 Murder Holes
117:34 Keep
116:44 Arrowslits
117:10 Masonry
Scotticus6181
8:20 Loom
11:09 Feudal Age
19:44 Castle Age
19:16 Double-Bit Axe
19:47 Crossbowman
21:47 Bow Saw
26:48 Wheelbarrow
29:09 Forging
29:40 Horse Collar
31:10 Hand Cart
33:05 Gold Mining
35:00 Fletching
35:54 Gold Shaft Mining
39:57 Imperial Age
39:30 Stone Mining
40:32 Town Watch
40:19 Capped Ram
43:04 Conscription
43:48 Onager
46:36 Bodkin Arrow
47:36 Iron Casting
46:38 Elite Shotel Warrior
48:07 Caravan
56:35 Royal Heirs
57:01 Town Patrol
57:20 Scale Mail Armor
59:28 Blast Furnace
57:54 Elite Skirmisher
60:12 Bracer
60:16 Squires
65:35 Two-Man Saw
71:55 Halberdier
83:53 Siege Onager
85:54 Chain Mail Armor
85:02 Arbalester
86:49 Heavy Plow
91:01 Thumb Ring
95:17 Plate Mail Armor
98:59 Scale Barding Armor
98:58 Padded Archer Armor
120:51 Siege Ram
alexdam.rodriguez
7:19 Loom
9:46 Feudal Age
10:20 Horse Collar
21:33 Castle Age
22:01 Double-Bit Axe
22:10 Fletching
22:21 Padded Archer Armor
22:18 Crossbowman
22:56 Bodkin Arrow
24:26 Leather Archer Armor
24:47 Heavy Plow
26:02 Bow Saw
26:34 Ballistics
33:40 Imperial Age
33:13 Yeomen
35:43 Chemistry
35:01 Bracer
38:29 Pikeman
39:10 Squires
39:24 Forging
39:15 Scale Mail Armor
39:46 Ring Archer Armor
42:41 Iron Casting
42:21 Chain Mail Armor
41:28 Halberdier
47:26 Elite Longbowman
57:47 Blast Furnace
57:18 Plate Mail Armor
56:37 Gambesons
58:26 Arbalester
68:32 Caravan
90:42 Warwolf
Sr. Claudio
10:50 Feudal Age
15:28 Double-Bit Axe
17:06 Horse Collar
19:06 Gold Mining
23:50 Castle Age
23:25 Fletching
23:36 Padded Archer Armor
23:48 Forging
23:38 Scale Mail Armor
24:04 Elite Skirmisher
25:09 Bow Saw
26:45 Bodkin Arrow
28:55 Leather Archer Armor
29:24 Gold Shaft Mining
29:41 Wheelbarrow
30:48 Hand Cart
30:20 Town Watch
33:54 Town Patrol
33:43 Loom
34:37 Iron Casting
34:18 Chain Mail Armor
34:09 Scale Barding Armor
35:34 Heavy Plow
36:06 Chain Barding Armor
41:46 Bloodlines
40:58 Light Cavalry
44:23 Imperial Age
47:10 Plate Barding Armor
49:04 Bracer
52:10 Thumb Ring
54:35 Ballistics
55:15 Chemistry
70:27 Stirrups
69:54 Elite Konnik
85:25 Capped Ram
111:29 Masonry
111:17 Murder Holes
111:33 Caravan
119:08 Siege Ram
StuartLittle
14:28 Feudal Age
13:01 Loom
15:04 Fishing Lines
15:22 Double-Bit Axe
16:46 Gold Mining
19:47 Wheelbarrow
20:37 Forging
23:54 Castle Age
23:10 Fletching
24:40 Bodkin Arrow
25:23 Thumb Ring
25:21 Padded Archer Armor
26:00 Hand Cart
28:06 Leather Archer Armor
28:31 Husbandry
30:35 Gillnets
37:44 Imperial Age
38:13 Fortified Wall
38:24 Ballistics
38:58 Conscription
38:45 Bracer
40:37 Chemistry
39:25 Horse Collar
40:49 Bow Saw
44:13 Elite Skirmisher
44:13 Elite Elephant Archer
45:29 Ring Archer Armor
46:06 Two-Man Saw
53:02 Scale Barding Armor
53:33 Iron Casting
53:33 Heavy Plow
53:08 Light Cavalry
58:32 Chain Barding Armor
59:12 Blast Furnace
60:23 Town Watch
68:16 Demolition Ship
70:58 Conscription
71:12 Wootz Steel
71:04 Town Patrol
101:09 Guard Tower
102:43 Elite Skirmisher
115:17 Siege Elephant
joaquinlopezlopez90
12:11 Feudal Age
15:59 Loom
23:41 Wheelbarrow
25:37 Castle Age
25:13 Bloodlines
27:23 Double-Bit Axe
28:05 Forging
28:02 Scale Barding Armor
32:33 Wheelbarrow
55:07 Hand Cart
56:23 Bow Saw
57:34 Husbandry
63:15 Imperial Age
61:50 Iron Casting
63:00 Cavalier
66:13 Savar
69:22 Chain Barding Armor
70:04 Blast Furnace
70:15 Plate Barding Armor
77:50 Light Cavalry
79:09 Scale Mail Armor
78:54 Hussar
108:18 Elite Skirmisher
117:34 Ballistics
118:16 Chemistry
118:20 Padded Archer Armor
118:51 Fletching
119:17 Leather Archer Armor
124:40 Bodkin Arrow
125:16 Ring Archer Armor
Connection lost

Rejoining the realm…

Still unreachable

The connection could not be restored.

Session expired

The server has moved on; the page needs a fresh start.